 Dungeon Crawl Stone Soup version 0.25.1-9-gc5326a611f (webtiles) character file.

Game seed: 6323344054060022012

5324 leafyfresh the Thaumaturge (level 10, -19/111 HPs)
             Began as a Gnoll Wizard on Jan 2, 2021.
             Was an Elder of Cheibriados.
             Demolished by an orc warlord
             ... wielding a +4 dire flail of protection
              (40 damage)
             ... in a bailey on Jan 3, 2021.
             The game lasted 00:44:53 (11289 turns).

leafyfresh the Thaumaturge (Gnoll Wizard)          Turns: 11289, Time: 00:44:54

Health: -19/111    AC: 25    Str: 19    XL:     10   Next: 64%
Magic:  9/23       EV:  2    Int: 40    God:    Cheibriados [****..]
Gold:   142        SH:  5    Dex: 24    Spells: 9/27 levels left

rFire    . . .     SeeInvis .   e - +1 dagger (venom)
rCold    . . .     Gourm    .   (no shield)
rNeg     + + +     Faith    .   (armour currently unavailable)
rPois    +         Spirit   .   (helmet currently unavailable)
rElec    .         Reflect  +   (cloak currently unavailable)
rCorr    .         Harm     .   (gloves currently unavailable)
MR       .....     NoTele   +   (boots currently unavailable)
Stlth    ++++......             m - amulet of reflection
HPRegen  0.28/turn              i - +6 ring of intelligence
MPRegen  0.18/turn              B - +4 ring of evasion

@: tree-form, very slow
A: distributed training, strong nose
a: Bend Time, Temporal Distortion, Slouch, Renounce Religion


You were in a bailey.
You worshipped Cheibriados.
Cheibriados was greatly pleased with you.
You were hungry.
You were a tree.
You visited 2 branches of the dungeon, and saw 10 of its levels.
You also visited: Bailey.

You collected 389 gold pieces.
You spent 247 gold pieces at shops.

Inventory:

Hand Weapons
 e - a +1 dagger of venom (weapon)
Missiles
 G - 63 bolts
 H - 7 boomerangs (quivered)
Armour
 a - a +0 troll leather armour
 g - a +1 robe of positive energy
 s - a +0 pair of gloves (melded)
 t - a +0 tower shield
 C - a +2 cloak (melded)
 I - the +3 helmet of an ossuary (melded) {Dex+3}
   (You bought it in a shop on level 5 of the Dungeon)

   It affects your dexterity (+3).
 M - a +1 scale mail of poison resistance
 N - a +2 robe of magic resistance (melded)
Magical Staves
 K - an uncursed staff of energy
Jewellery
 i - a +6 ring of intelligence (left branch)
 m - an amulet of reflection (around neck)
 v - a +6 ring of dexterity
 B - a +4 ring of evasion (right branch)
Wands
 c - a wand of iceblast (15)
 x - a wand of flame (13)
 A - a wand of random effects (28)
Scrolls
 h - 2 scrolls of teleportation
 j - a scroll of remove curse
 k - 2 scrolls of fog
 n - 3 scrolls of magic mapping
 o - 2 scrolls of immolation
 q - a scroll of blinking
 u - 3 scrolls of amnesia
 J - a scroll of summoning
Potions
 l - 2 potions of cancellation
 r - 2 potions of haste
 w - a potion of lignification
 z - a potion of might
 D - a potion of ambrosia {unknown}
 F - a potion of curing
Comestibles
 d - 22 rations


   Skills:
 + Level 5.3 Fighting
 + Level 5.3 Short Blades
 + Level 5.3 Long Blades
 + Level 5.3 Axes
 + Level 5.3 Maces & Flails
 + Level 5.3 Polearms
 + Level 5.3 Staves
 + Level 5.3 Slings
 + Level 5.3 Bows
 + Level 5.3 Crossbows
 + Level 5.3 Throwing
 + Level 5.3 Armour
 + Level 7.1 Dodging
 + Level 6.9 Stealth
 + Level 5.3 Shields
 + Level 5.3 Unarmed Combat
 + Level 9.0 Spellcasting
 + Level 5.0 Conjurations
 + Level 4.4 Hexes
 + Level 4.4 Charms
 + Level 5.0 Summonings
 + Level 4.4 Necromancy
 + Level 5.0 Translocations
 + Level 4.4 Transmutations
 + Level 4.4 Fire Magic
 + Level 4.4 Ice Magic
 + Level 4.4 Air Magic
 + Level 4.4 Earth Magic
 + Level 4.4 Poison Magic
 + Level 5.9 Invocations
 + Level 5.3 Evocations


You had 9 spell levels left.
You knew the following spells:

 Your Spells              Type           Power        Failure   Level  Hunger
a - Magic Dart            Conj           ####         1%          1    None
b - Mephitic Cloud        Conj/Pois/Air  ######..     1%          3    None
c - Blink                 Tloc           N/A          1%          2    None
d - Conjure Flame         Conj/Fire      ######..     1%          3    None
e - Call Imp              Summ           ######..     1%          2    None
f - Ignite Poison         Fire/Tmut/Pois ######..     1%          3    None
g - Olgreb's Toxic Radia  Pois           ######..     3%          4    None

Your spell library contained the following spells:

 Spells                   Type           Power        Failure   Level  Hunger
 Sting                    Tmut/Pois      ####         1%          1    None
 Poisonous Vapours        Pois/Air       ######       1%          2    None
 Slow                     Hex            ######..     1%          2    None


Dungeon Overview and Level Annotations

Branches:
Dungeon (9/15)             Temple (1/1) D:4            Lair (0/6) D:9
 Bailey (1/1)
    Orc: D:9-12

Altars:
Ashenzari
Cheibriados
Dithmenos
Elyvilon
Fedhas
Gozag
Hepliaklqana
Kikubaaqudgha
Makhleb
Nemelex Xobeh
Okawaru
Qazlal
Ru
Sif Muna
Trog
Uskayaw
Vehumet
Wu Jian
Xom
Yredelemnul
Zin
The Shining One
Beogh

Shops:
D:5 [   D:8 ![[[

Annotations:
D:5 3 runed translucent doors, Berzach's ghost, novice GnWn
D:8 2 transporters


Innate Abilities, Weirdness & Mutations

Your experience applies equally to all skills.
((You have very sharp teeth.))
Your uncanny sense of smell can sniff out nearby items.


Message History

Your +0 pair of gloves melds into your body.
Your +2 robe of magic resistance melds into your body.
You feel less resistant to hostile enchantments.
Your roots penetrate the ground.
The orc warlord hits you with a +4 dire flail of protection!
You barely miss the orc warlord.
The orc warlord is moderately wounded.
The orc knight screams, "I'll kill you anyway!"
Unknown command.
You hit the orc warlord but do no damage.
The orc warlord is poisoned.
Your punch misses the orc warlord.
The orc warlord is moderately wounded.
The orc warlord hits you with a +4 dire flail of protection!!
* * * LOW HITPOINT WARNING * * *
Unknown command.
You hit the orc warlord but do no damage.
The orc warlord is moderately wounded.
The orc knight shouts, "What's happening?!"
The orc warlord hits you with a +4 dire flail of protection!!!
You die...

♣♣♣♣ ###... ♣♣♣♣..♣♣♣
###.#)#
♣.....♣.♣###...))###
♣♣.......##....)))).##
♣........#...).).....#
♣♣.......'...))..)...#
♣...∩.∩..')).).⌠.)...#
♣....o..)'[o.....))).#
♣♣...♣..)#....)......#
♣♣....).##....)).o.##
♣.....♣♣♣###..)).###.
♣♣♣♣♣.♣ ###.#)#... ♣♣♣
###..... #......
#...... #.....⌠
#......


You could see an orc warlord (strong, very poisoned) and an orc knight
(confused).

Vanquished Creatures
  2 orc knights (Bailey)
  Psyche (D:8)
  A kobold demonologist (D:8)
  Grinder (D:3)
  A troll (D:9)
  Sigmund (D:3)
  Eustachio (D:6)
  A hungry ghost (D:8)
  4 orc warriors
  2 sky beasts (D:5)
  A black bear (D:8)
  2 ice beasts
  2 ogres
  2 centaurs (D:5)
  2 big kobolds (D:8)
  A bullfrog (D:6)
  2 scorpions
  5 howler monkeys
  A lava snake (D:7)
  A centaur zombie (D:7)
  3 crimson imps
  A bullfrog zombie (D:5)
  2 jellies
  A bullfrog skeleton (D:5)
  8 hounds
  4 orc priests
  An orc wizard (Temple)
  4 iguanas
  Jessica (D:2)
  Ijyb (Temple)
  Terence (D:3)
  Natasha (thrice) (Temple)
  4 worker ants
  A worker ant zombie (D:8)
  Robin (D:2)
  12 gnolls
  7 adders
  A shadow imp (D:7)
  3 oozes
  5 worms
  5 dart slugs
  6 leopard geckos
  27 orcs
  6 giant cockroaches
  25 goblins
  20 hobgoblins
  8 jackals
  9 kobolds
  2 quokkas
  3 ball pythons
  8 bats
  11 frilled lizards
  A leopard gecko skeleton (D:5)
  2 rats (D:2)
231 creatures vanquished.

Notes
Turn   | Place    | Note
-------+----------+-------------------------------------------
     0 | D:1      | leafyfresh the Gnoll Wizard began the quest for the Orb.
     0 | D:1      | Reached XP level 1. HP: 13/13 MP: 8/8
   213 | D:1      | Reached XP level 2. HP: 19/19 MP: 10/10
   679 | D:1      | Reached XP level 3. HP: 25/25 MP: 7/11
   684 | D:1      | Learned a level 3 spell: Mephitic Cloud
   687 | D:1      | Learned a level 2 spell: Blink
   691 | D:1      | Learned a level 3 spell: Conjure Flame
   694 | D:1      | Learned a level 2 spell: Call Imp
  1127 | D:2      | Reached skill level 1 in Invocations
  1195 | D:2      | Noticed Robin
  1211 | D:2      | Killed Robin
  1211 | D:2      | Reached skill level 1 in Fighting
  1211 | D:2      | Reached skill level 1 in Short Blades
  1211 | D:2      | Reached skill level 1 in Long Blades
  1211 | D:2      | Reached skill level 1 in Axes
  1211 | D:2      | Reached skill level 1 in Maces & Flails
  1211 | D:2      | Reached skill level 1 in Polearms
  1211 | D:2      | Reached skill level 1 in Staves
  1211 | D:2      | Reached skill level 1 in Slings
  1211 | D:2      | Reached skill level 1 in Bows
  1211 | D:2      | Reached skill level 1 in Crossbows
  1211 | D:2      | Reached skill level 1 in Throwing
  1211 | D:2      | Reached skill level 1 in Armour
  1211 | D:2      | Reached skill level 1 in Shields
  1211 | D:2      | Reached skill level 1 in Unarmed Combat
  1211 | D:2      | Reached skill level 1 in Evocations
  1211 | D:2      | Reached XP level 4. HP: 25/32 MP: 3/13
  1603 | D:2      | Reached skill level 1 in Hexes
  1603 | D:2      | Reached skill level 1 in Charms
  1603 | D:2      | Reached skill level 1 in Necromancy
  1603 | D:2      | Reached skill level 1 in Transmutations
  1603 | D:2      | Reached skill level 1 in Fire Magic
  1603 | D:2      | Reached skill level 1 in Ice Magic
  1603 | D:2      | Reached skill level 1 in Air Magic
  1603 | D:2      | Reached skill level 1 in Earth Magic
  1603 | D:2      | Reached skill level 1 in Poison Magic
  2431 | D:2      | Reached XP level 5. HP: 28/37 MP: 5/14
  2632 | D:2      | Noticed Jessica
  2639 | D:2      | Killed Jessica
  2723 | D:3      | Found a shimmering altar of Xom.
  2781 | D:3      | Noticed Sigmund
  2883 | D:3      | Killed Sigmund
  2883 | D:3      | Reached skill level 5 in Dodging
  2883 | D:3      | Reached XP level 6. HP: 35/44 MP: 1/16
  3294 | D:3      | Noticed Terence
  3304 | D:3      | Killed Terence
  3485 | D:3      | Noticed Grinder
  3903 | D:4      | Noticed Natasha
  4147 | D:4      | Reached XP level 7. HP: 31/50 MP: 11/18
  4287 | D:3      | Paralysed by Grinder for 6 turns
  4301 | D:3      | Killed Grinder
  4448 | D:4      | Found a staircase to the Ecumenical Temple.
  4472 | D:4      | Noticed Ijyb
  4480 | Temple   | Entered the Ecumenical Temple
  4763 | Temple   | Became a worshipper of Cheibriados the Contemplative
  4817 | Temple   | Killed Natasha
  4817 | Temple   | Reached skill level 5 in Stealth
  4859 | Temple   | Noticed Natasha
  4863 | Temple   | Killed Natasha
  4865 | Temple   | Noticed Natasha
  4870 | Temple   | Killed Natasha
  4996 | Temple   | Killed Ijyb
  5637 | D:4      | Reached * piety under Cheibriados
  5637 | D:4      | Reached XP level 8. HP: 23/57 MP: 13/19
  6311 | D:5      | Entered Level 5 of the Dungeon
  6484 | D:5      | Reached ** piety under Cheibriados
  6640 | D:5      | Reached skill level 8 in Spellcasting
  6668 | D:5      | Found Tuntu's Antique Armour Emporium.
  6676 | D:5      | Bought an ancient helmet for 247 gold pieces
  6686 | D:5      | Identified the +3 helmet of an ossuary {Dex+3} (You bought
                  | it in a shop on level 5 of the Dungeon)
  7261 | D:5      | Found a runed translucent gate.
  7264 | D:5      | Found a runed translucent gate.
  7265 | D:5      | Found a runed translucent gate.
  7265 | D:5      | Noticed Berzach's ghost (novice GnWn)
  7267 | D:5      | Identified the cursed +1 dagger of the Enemy {drain, rC+
                  | rN++ Int+2 Stlth-}
  7353 | D:5      | Reached XP level 9. HP: 65/65 MP: 21/21
  7433 | D:5      | Found a roughly hewn altar of Beogh.
  8038 | D:6      | Noticed Eustachio
  8046 | D:6      | Killed Eustachio
  8633 | D:7      | Found a sparkling altar of Nemelex Xobeh.
  9029 | D:7      | Reached *** piety under Cheibriados
  9481 | D:8      | Found Jasump's Armour Emporium.
  9490 | D:8      | Found Keoh's Antique Armour Shop.
  9539 | D:8      | Found a transporter.
  9953 | D:8      | Noticed Psyche
  9962 | D:8      | Killed Psyche
  9962 | D:8      | Reached skill level 5 in Invocations
 10100 | D:8      | Found Wucuw's Distillery.
 10101 | D:8      | Found Xicw's Antique Armour Shoppe.
 10129 | D:8      | Noticed a kobold demonologist
 10140 | D:8      | Killed a kobold demonologist
 10140 | D:8      | Reached XP level 10. HP: 73/73 MP: 16/22
 10281 | D:8      | Found a bloodstained altar of Trog.
 10378 | D:8      | Reached **** piety under Cheibriados
 10534 | D:8      | Learned a level 3 spell: Ignite Poison
 10539 | D:8      | Learned a level 4 spell: Olgreb's Toxic Radiance
 10594 | D:8      | Found a transporter.
 10692 | D:9      | Found a flagged portal.
 10699 | D:9      | Reached skill level 5 in Fighting
 10699 | D:9      | Reached skill level 5 in Short Blades
 10699 | D:9      | Reached skill level 5 in Long Blades
 10699 | D:9      | Reached skill level 5 in Axes
 10699 | D:9      | Reached skill level 5 in Maces & Flails
 10699 | D:9      | Reached skill level 5 in Polearms
 10699 | D:9      | Reached skill level 5 in Staves
 10699 | D:9      | Reached skill level 5 in Slings
 10699 | D:9      | Reached skill level 5 in Bows
 10699 | D:9      | Reached skill level 5 in Crossbows
 10699 | D:9      | Reached skill level 5 in Throwing
 10699 | D:9      | Reached skill level 5 in Armour
 10699 | D:9      | Reached skill level 5 in Shields
 10699 | D:9      | Reached skill level 5 in Unarmed Combat
 10699 | D:9      | Reached skill level 5 in Evocations
 10709 | Bailey   | Entered a bailey
 10897 | Bailey   | Noticed an orc knight
 10905 | Bailey   | Killed an orc knight
 10913 | Bailey   | Reached skill level 9 in Spellcasting
 11049 | Bailey   | Reached ***** piety under Cheibriados
 11125 | Bailey   | Noticed an orc warlord
 11130 | Bailey   | Noticed an orc knight
 11138 | Bailey   | Killed an orc knight
 11138 | Bailey   | Reached skill level 5 in Conjurations
 11138 | Bailey   | Reached skill level 5 in Summonings
 11138 | Bailey   | Reached skill level 5 in Translocations
 11277 | Bailey   | Noticed an orc knight
 11289 | Bailey   | Demolished by an orc warlord

Illustrated notes

Levels and vault maps discovered:
D:1:      lordsloth_arrival_two_stooges, layout_rooms
D:2:      layout_loops_ring, minmay_fountain_box, uniq_robin, uniq_jessica
D:3:      layout_basic, brannock_xom_greatest_gift, uniq_sigmund, uniq_terence,
          uniq_grinder
D:4:      layout_loops_corners, minmay_temple_entry_arrows, serial_rivers,
          chequers_serial_rivers_micro_c, chequers_serial_rivers_micro_d,
          chequers_serial_rivers_room_b, chequers_serial_rivers_micro_a,
          first_ration, kennysheep_windowed_goal, uniq_ijyb, uniq_natasha
D:5:      layout_loops_corners, serial_shops, shop, biasface_ghost_orc_armoury
D:6:      layout_loops_cross, uniq_eustachio
D:7:      layout_rooms, nemelex_xobeh_ov_fountains_minmay,
          kennysheep_generic_room_16
D:8:      gammafunk_cloud_chamber, layout_basic, serial_shops, shop, shop, shop,
          shop, trog_three_pillars_becter, uniq_psyche
D:9:      layout_roguey, david_lair_shrubbed, enter_bailey_2, uniq_joseph
Temple:   minmay_crystal_snake_temple
Bailey:   bailey_axe_minmay_hex_keep, bailey

Skill      XL: |  1  2  3  4  5  6  7  8  9 10 |
---------------+-------------------------------+-----
Conjurations   | 2 3 4 5 |  5.0
Summonings     | 2 3 4 5 |  5.0
Translocations | 2 3 4 5 |  5.0
Invocations    | 1 2 3 4 5 |  5.9
Fighting       | 1 2 3 4 5 |  5.3
Short Blades   | 1 2 3 4 5 |  5.3
Long Blades    | 1 2 3 4 5 |  5.3
Axes           | 1 2 3 4 5 |  5.3
Maces & Flails | 1 2 3 4 5 |  5.3
Polearms       | 1 2 3 4 5 |  5.3
Staves         | 1 2 3 4 5 |  5.3
Slings         | 1 2 3 4 5 |  5.3
Bows           | 1 2 3 4 5 |  5.3
Crossbows      | 1 2 3 4 5 |  5.3
Throwing       | 1 2 3 4 5 |  5.3
Armour         | 1 2 3 4 5 |  5.3
Shields        | 1 2 3 4 5 |  5.3
Unarmed Combat | 1 2 3 4 5 |  5.3
Evocations     | 1 2 3 4 5 |  5.3
Hexes          | 1 2 3 4 |  4.4
Charms         | 1 2 3 4 |  4.4
Necromancy     | 1 2 3 4 |  4.4
Transmutations | 1 2 3 4 |  4.4
Fire Magic     | 1 2 3 4 |  4.4
Ice Magic      | 1 2 3 4 |  4.4
Air Magic      | 1 2 3 4 |  4.4
Earth Magic    | 1 2 3 4 |  4.4
Poison Magic   | 1 2 3 4 |  4.4
Dodging        | 5 6 7 |  7.1
Stealth        | 5 6 |  6.9
Spellcasting   | 8 9 |  9.0

Action                   |  1- 3 |  4- 6 |  7- 9 | 10-12 || total
-------------------------+-------+-------+-------+-------++-------
Melee: Dagger            |    44 |   131 |   242 |   112 ||   529
       Bite              |     3 |     6 |    45 |    22 ||    76
       Punch             |       |     1 |     8 |     7 ||    16
Throw: Boomerang         |       |       |     5 |       ||     5
 Cast: Magic Dart        |    32 |    52 |   165 |    25 ||   274
       Mephitic Cloud    |     1 |     9 |    18 |    14 ||    42
       Blink             |       |     8 |     7 |     2 ||    17
       Call Imp          |       |       |     1 |       ||     1
       Conjure Flame     |       |       |     1 |       ||     1
       Olgreb's Toxic Ra |       |       |       |     5 ||     5
       Ignite Poison     |       |       |       |     4 ||     4
Invok: Slouch            |       |       |       |     1 ||     1
Evoke: Wand              |       |       |    11 |       ||    11
  Use: Scroll            |       |       |     7 |    11 ||    18
       Potion            |       |       |       |     5 ||     5
 Stab: Sleeping          |     2 |     8 |     9 |     2 ||    21
       Confused          |       |     2 |    13 |     6 ||    21
       Distracted        |       |     1 |       |     2 ||     3
  Eat: Chunk             |     1 |     9 |    13 |     1 ||    24
Armor: Robe              |     7 |    11 |    26 |    11 ||    55
Dodge: Dodged            |    21 |    68 |   148 |    68 ||   305
Block: Other             |     8 |    26 |    52 |    16 ||   102
       Reflection        |     1 |     2 |     2 |     1 ||     6
